cohdb
Replays
Latest Replays
All Replays
Popular Replays
Top Player Replays
Match Explorer
How It Works
Community
CoH3 Stats
Reddit
Sign in to upload your games and track your stats! →
Sign in with Steam
Match 45802632
Unlisted
Match 45802632
Overview
Messages
Build Orders
End
Construct Infanterie Kompanie
Grenadier Squad
Selects Mechanized Battlegroup
Grenadier Squad
Medical Station
MG 42 Machine Gun Team
Construct Luftwaffe Kompanie
Jäger Squad
Support Elements
Marder III M Tank Destroyer
Wirbelwind Flakpanzer
Selects Raid Package
Construct Panzergrenadier Kompanie
251 Medium Carrier
Selects StuG Assault Group
StuG Assault Group
Selects UNKNOWN (2160084)
Construct Panzer Kompanie
Selects Mobile Repair Stations
Selects Wespe Self-propelled Artillery
Selects Zeroing Artillery Barrage
Zeroing Artillery Barrage
Selects UNKNOWN (2160084)
Panther Heavy Tank
Panzer IV Medium Tank
Fav
BIGDOC500000
阴沟奔行鼠
Don Pitudo
Contra
The King In Yellow
0
0
Comments
sign in to comment!
No comments posted yet!